 Dungeon Crawl Stone Soup version 0.20-b1-2-gc5a9893 (webtiles) character file.

653 KeyserSoze the Skirmisher (level 7, -3/56 HPs)
             Began as a Mummy Fighter on May 22, 2017.
             Was an Initiate of Gozag.
             Slain by Monsterracer's ghost (4 damage)
             ... on level 4 of the Dungeon.
             The game lasted 00:20:21 (8970 turns).

KeyserSoze the Skirmisher (Mummy Fighter)           Turns: 8970, Time: 00:20:22

Health: -3/56      AC: 10    Str: 20    XL:     7   Next: 29%
Magic:  7/7        EV:  7    Int:  7    God:    Gozag
Gold:   684        SH: 10    Dex: 17    Spells: 6/6 levels left

rFire    x . .     SeeInvis +   i - +1 flail (crush)
rCold    + . .     Gourm    .   c - +0 shield
rNeg     + + +     Faith    .   b - +0 scale mail
rPois    ∞         Spirit   .   (no helmet)
rElec    .         Reflect  .   q - +0 cloak
rCorr    .         Harm     .   (no gloves)
MR       .....                  g - +1 pair of boots {Fly}
Stlth    ..........             (no amulet)
Regen    0.2/turn               j - ring of see invisible
MPRegen  0.1/turn               d - +4 ring of dexterity

@: flying
A: no food or potions, fire vulnerability, cold resistance 1, negative energy
resistance 3, torment resistance, unbreathing
a: Potion Petition, Call Merchant, Bribe Branch, Renounce Religion, Stop Flying


You were on level 4 of the Dungeon.
You worshipped Gozag.
Gozag was pleased with you.
You were not hungry.

You visited 1 branch of the dungeon, and saw 4 of its levels.

You collected 710 gold pieces.
You paid 26 gold pieces to Gozag.

Inventory:

Hand Weapons
 h - the +7 mace of Cicsavam {flame, +Rage rN+ MR+ Stlth+, unknown}
   (You found it on level 4 of the Dungeon)

   It has been specially enchanted to burn those struck by it, causing extra
   injury to most foes and up to half again as much damage against particularly
   susceptible opponents.
   It protects you from negative energy.
   It affects your resistance to hostile enchantments.
   It lets you go berserk.
   It makes you more stealthy.
 i - a +1 flail of crushing (weapon)
 m - a cursed -2 mace
 n - a +0 mace of protection
 p - a +3 quarterstaff of chaos
 r - a +2 mace of crushing
Missiles
 k - 6 curare-tipped needles
Armour
 b - a +0 scale mail (worn)
 c - a +0 shield (worn)
 g - a +1 pair of boots of flying (worn)
 q - a +0 cloak (worn)
Jewellery
 d - a +4 ring of dexterity (right hand)
 j - a ring of see invisible (left hand)
Scrolls
 a - a scroll of remove curse
 e - a scroll of identify
 f - a scroll of amnesia


   Skills:
 * Level 5.6 Fighting
   Level 1.9 Short Blades
 - Level 0.5 Maces & Flails
 + Level 4.3 Armour
 - Level 0.4 Dodging
 + Level 4.2 Shields


You had 6 spell levels left.
You didn't know any spells.

Dungeon Overview and Level Annotations

Branches:
Dungeon (4/15)
 Temple: D:4-7

Altars:
Elyvilon
Gozag
Okawaru
Vehumet
Yredelemnul
Zin
The Shining One

Annotations:
D:4 Monsterracer's ghost, amateur GrGl


Innate Abilities, Weirdness & Mutations

You do not eat or drink.
Your flesh is vulnerable to fire.
You are immune to poison.
Your flesh is cold resistant. (rC+)
You are immune to negative energy. (rN+++)
You are immune to unholy pain and torment.
You can survive without breathing.


Message History

You block Monsterracer's ghost's attack.
You hit Monsterracer's ghost.
Monsterracer's ghost is lightly damaged.
Monsterracer's ghost says, "Crushing you to a pulp will hurt a lot.
After that?
Painless!
I promise!"
You block Monsterracer's ghost's attack.
You thump Monsterracer's ghost!
Monsterracer's ghost is moderately damaged.
Monsterracer's ghost hits you!
* * * LOW HITPOINT WARNING * * *
Monsterracer's ghost hits you.
* * * LOW HITPOINT WARNING * * *
Monsterracer's ghost hits you but does no damage.
Monsterracer's ghost whispers, "The ORB doesn't exist."
You block Monsterracer's ghost's attack.
Monsterracer's ghost says, "You will join me soon!"
Monsterracer's ghost hits you!
* * * LOW HITPOINT WARNING * * *
Monsterracer's ghost hits you.
You die...
Your body crumbles into a pile of gold.

######### #..)....# ###.#####.#
######### #...# #.# #.......#
#.### #W# ###.......###.# #.#
............@.# #.#
##.......##.W# ###.# ###
#....%>.##..#####.#.# #..
######.......##..#.....#.# #.#
#............##..#.###.#.# #.#
#...#####...#..........#.# #.#
#...........#..)....##.#.#######
#....#.##...#.......W...........
#...........###.########.#######


You could see Monsterracer's ghost.

Vanquished Creatures
  Menkaure (D:4)
  A phantom (D:4)
  An ogre (D:4)
  A scorpion (D:4)
  Crazy Yiuf (D:3)
  2 orc wizards (D:3)
  A worker ant (D:4)
  Robin (D:4)
  5 adders
  2 oozes
  3 worms
  4 dart slugs
  7 leopard geckos
  10 orcs
  7 giant cockroaches
  11 goblins
  5 hobgoblins
  16 jackals
  2 quokkas
  3 ball pythons
  12 bats
  6 frilled lizards
  11 kobolds
  7 rats
  5 fungi
125 creatures vanquished.

Notes
Turn   | Place    | Note
-------+----------+-------------------------------------------
     0 | D:1      | KeyserSoze the Mummy Fighter began the quest for the Orb.
     0 | D:1      | Reached XP level 1. HP: 18/18 MP: 1/1
   129 | D:1      | Reached XP level 2. HP: 20/24 MP: 2/2
   922 | D:1      | Reached XP level 3. HP: 28/29 MP: 3/3
  2890 | D:2      | Found an iron altar of Okawaru.
  2995 | D:2      | Found an opulent altar of Gozag.
  3012 | D:2      | Became a worshipper of Gozag Ym Sagoz the Greedy
  3181 | D:2      | Found a basalt altar of Yredelemnul.
  3203 | D:2      | Reached skill level 4 in Fighting
  3319 | D:2      | Found a radiant altar of Vehumet.
  3518 | D:2      | Reached XP level 4. HP: 37/37 MP: 4/4
  6620 | D:3      | Reached XP level 5. HP: 41/42 MP: 5/5
  7553 | D:3      | Found a runed door.
  7622 | D:3      | Noticed Crazy Yiuf
  7629 | D:3      | Killed Crazy Yiuf
  8008 | D:4      | Found a glowing silver altar of Zin.
  8008 | D:4      | Found a white marble altar of Elyvilon.
  8008 | D:4      | Found a glowing golden altar of the Shining One.
  8124 | D:4      | Got a twisted mace
  8152 | D:4      | Noticed a phantom
  8255 | D:4      | Killed a phantom
  8255 | D:4      | Reached XP level 6. HP: 46/50 MP: 6/6
  8369 | D:4      | Found a glowing drain.
  8539 | D:4      | Reached skill level 5 in Fighting
  8554 | D:4      | Noticed Robin
  8644 | D:4      | Killed Robin
  8772 | D:4      | Noticed Menkaure
  8774 | D:4      | Killed Menkaure
  8774 | D:4      | Reached XP level 7. HP: 53/56 MP: 7/7
  8926 | D:4      | Noticed Monsterracer's ghost (amateur GrGl)
  8969 | D:4      | HP: 1/56 [Monsterracer's ghost (12)]
  8970 | D:4      | Slain by Monsterracer's ghost

Skill      XL: |  1  2  3  4  5  6  7 |
---------------+----------------------+-----
Fighting       | 4 5 |  5.6
Armour         | 3 4 |  4.3
Shields        | 3 4 |  4.2
Short Blades   | |  1.9
Maces & Flails | |  0.5
Dodging        | |  0.4

Action                   |  1- 3 |  4- 6 |  7- 9 || total
-------------------------+-------+-------+-------++-------
Melee: Rapier            |   190 |   106 |       ||   296
       Flail             |       |   146 |    34 ||   180
       Mace              |       |    27 |       ||    27
Invok: Potion Petition   |       |     1 |       ||     1
  Use: Scroll            |       |    11 |       ||    11
Armor: Scale mail        |    92 |   158 |     5 ||   255
Dodge: Dodged            |    61 |   101 |     8 ||   170
Block: Shield            |    89 |   180 |    13 ||   282
